 Seeded DCSS version 0.29.1-15-g9cfb28693d (webtiles) character file.

Game seed: 4916263666957482044 (custom seed)

10644 kingofthe the Covert (level 11, -9/54 HPs)
             Began as a Deep Elf Conjurer on Apr 9, 2023.
             Was an Elder of Sif Muna.
             Shot with an arrow by a centaur warrior (12 damage)
             ... on level 9 of the Dungeon.
             The game lasted 00:36:04 (13501 turns).

kingofthe the Covert (Deep Elf Conjurer)           Turns: 13501, Time: 00:36:05

Health: -9/54      AC:  8    Str: 16    XL:     11   Next: 38%
Magic:  12/26      EV: 18    Int: 29    God:    Sif Muna [****..]
Gold:   860        SH:  5    Dex: 15    Spells: 8/29 levels left

rFire   + . .      SeeInvis .   a - staff of conjuration {!a}
rCold   . . .      Faith    .   (no shield)
rNeg    . . .      Spirit   .   p - +1 robe {Archmagi}
rPois   .          Reflect  +   (no helmet)
rElec   .          Harm     .   C - +2 cloak
rCorr   .          Rampage  .   y - +1 pair of gloves
Will    +....      Archmagi +   (no boots)
Stlth   +++++.....              i - amulet of reflection
HPRegen 0.18/turn               E - ring of Dytide {rF+ Str+6 Int+3}
MPRegen 0.20/turn               S - +6 ring of strength

@: studying Stealth
A: no striking features
a: Renounce Religion, Channel Magic, Forget Spell, Divine Exegesis


You were on level 9 of the Dungeon.
You worshipped Sif Muna.
Sif Muna was greatly pleased with you.
You visited 3 branches of the dungeon, and saw 11 of its levels.
You also visited: Ossuary.

You collected 944 gold pieces.
You spent 84 gold pieces at shops.


   Skills:
 * Level 11.2 Dodging
 + Level 12.1 Stealth
 + Level 9.6 Spellcasting
 + Level 8.8 Conjurations
 - Level 9.0 Hexes
 - Level 5.1 Translocations
 * Level 3.8 Fire Magic
 + Level 4.5 Invocations


You had 8 spell levels left.
You knew the following spells:

 Your Spells              Type           Power      Damage    Failure   Level
a - Magic Dart            Conj           100%       1d8       1%          1
b - Searing Ray           Conj           100%       2d8       1%          2
c - Fulminant Prism       Conj/Hex       49%        3d21      1%          4
d - Iskenderun's Mystic   Conj/Tloc      89%        2d17      2%          4
e - Dazzling Flash        Conj/Hex       100%       N/A       1%          3
f - Fireball              Conj/Fire      42%        3d17      8%          5
z - Blink                 Tloc           100%       N/A       1%          2

Your spell library contained the following spells:

 Spells                   Type           Power      Damage    Failure   Level
 Lesser Beckoning         Tloc           60%        N/A       1%          3
 Summon Guardian Golem    Hex/Summ       57%        N/A       1%          3
 Summon Small Mammal      Summ           84%        N/A       3%          1
 Call Canine Familiar     Summ           21%        N/A       12%         3
 Manifold Assault         Tloc           60%        N/A       13%         5
 Starburst                Conj/Fire      42%        6d12      41%         6
 Ignition                 Fire           26%        3d9       100%        8

Inventory:

Hand Weapons
 b - a +1 dagger of flaming
 c - a +0 dagger of freezing
 B - a +2 whip of flaming
Missiles
 k - 4 boomerangs of dispersal {=f}
Armour
 p - a +1 robe of the Archmagi (worn)
 y - a +1 pair of gloves (worn)
 C - a +2 cloak (worn)
Magical Staves
 a - a staff of conjuration (weapon) {!a}
Jewellery
 f - a ring of fire
 i - an amulet of reflection (around neck)
 v - a ring of see invisible
 E - the ring of Dytide (left hand) {rF+ Str+6 Int+3}
   (You found it on level 7 of the Dungeon)

   [ring of strength]

   Str:       It affects your strength (+6).
   Int:       It affects your intelligence (+3).
   rF:        It protects you from fire.
 F - a ring of protection from fire
 N - a ring of positive energy
 S - a +6 ring of strength (right hand)
Wands
 D - a wand of polymorph (13)
 L - a wand of mindburst (18)
Scrolls
 e - a scroll of torment {unknown}
 j - 2 scrolls of identify {@r1}
 l - a scroll of poison {unknown}
 m - 2 scrolls of brand weapon {unknown}
 n - 2 scrolls of enchant armour {unknown}
 q - 3 scrolls of immolation {unknown}
 r - 2 scrolls of fog {unknown}
 s - a scroll of fear
 t - 2 scrolls of blinking {unknown}
 w - 3 scrolls of magic mapping
 x - a scroll of summoning {unknown}
 I - a scroll of noise {unknown}
 J - 5 scrolls of enchant weapon
 M - 3 scrolls of teleportation {@r2}
Potions
 d - a potion of ambrosia {unknown}
 g - a potion of attraction {unknown}
 h - 2 potions of invisibility {unknown}
 o - a potion of haste {unknown}
 u - 2 potions of curing {@q1}
 z - a potion of berserk rage {unknown}
 A - a potion of heal wounds {@q2}
 G - 2 potions of flight
 H - 2 potions of cancellation {unknown}
 K - 2 potions of degeneration {unknown}

Dungeon Overview and Level Annotations

Branches:
Dungeon (9/15)             Temple (1/1) D:7            Lair (1/5) D:8
Ossuary (visited)
    Orc: D:9-12

Altars:
Ashenzari
Cheibriados
Dithmenos
Elyvilon
Fedhas
Gozag
Hepliaklqana
Kikubaaqudgha
Makhleb
Nemelex Xobeh
Okawaru
Qazlal
Ru
Sif Muna
Trog
Uskayaw
Vehumet
Wu Jian
Xom
Yredelemnul
Zin
The Shining One

Shops:
D:4 ?

Annotations:
D:3 return with dig
D:6 3 runed translucent doors, tbole's ghost, amateur HuFi

##### #.....###### #...#
#.....##...# .###### #...#
##.#####...#
.....Y.####...####.....#...#
#..$..##.............#...###
#....##....#####....'.....#
#...........#.......#...#.##
#...###............(........
.............⚑@.†##....<.......
.#.###..####....###....#..#....
# ## ##...c##......)#...#
####'#####[..###..# #......#
#..)#<#... #......###..##.##..
#......##...#...#.. #
#...)..##..##...##. ..
#......#...#.....#.


You could see a centaur warrior.


Message History

The centaur warrior kicks you but does no damage.
The centaur warrior barely misses you.
The centaur warrior kicks you but does no damage.
Casting: Searing Ray (safe; 1% risk of failure)
Confirm with . or Enter, or press ? or * to list all spells.
You feel a strong surge of power!
You erupt in a blast of force!
The mystic blast hits the centaur warrior!
The centaur warrior is moderately wounded.
The centaur warrior hits you with a +0 glaive!
* * * LOW HITPOINT WARNING * * *
You block the centaur warrior's attack.
Casting: Iskenderun's Mystic Blast (dangerous; 2% risk of failure)
Confirm with . or Enter, or press ? or * to list all spells.
You feel a strong surge of power!
You erupt in a blast of force!
The mystic blast hits the centaur warrior!
The centaur warrior is heavily wounded.
The centaur warrior drinks a potion.
The centaur warrior is healed!
The centaur warrior closely misses you. The centaur warrior barely misses you.
Casting: Iskenderun's Mystic Blast (dangerous; 2% risk of failure)
Confirm with . or Enter, or press ? or * to list all spells.
You feel a strong surge of power!
You erupt in a blast of force!
The mystic blast hits the centaur warrior!
The centaur warrior is moderately wounded.
The centaur warrior is knocked back by the mystic blast.
The centaur warrior unwields a +0 glaive.
The centaur warrior wields a +0 shortbow.
The centaur warrior shoots an arrow.
The arrow hits you!
* * * LOW HITPOINT WARNING * * *
The centaur warrior shoots an arrow.
The arrow hits you!
You die...

Skill      XL: |  1  2  3  4  5  6  7  8  9 10 11 |
---------------+----------------------------------+-----
Stealth        | 3 4 5 7 8 10 11 12 | 12.1
Dodging        | 3 4 5 6 7 9 10 11 | 11.2
Hexes          | 1 2 3 5 7 8 9 |  9.0
Spellcasting   | 4 5 7 8 9 |  9.6
Conjurations   | 5 6 7 8 |  8.8
Translocations | 3 5 |  5.1
Invocations    | 2 3 4 |  4.5
Fire Magic     | 2 3 |  3.8

Action                   |  1- 3 |  4- 6 |  7- 9 | 10-12 || total
-------------------------+-------+-------+-------+-------++-------
 Cast: Magic Dart        |    60 |    63 |   109 |    35 ||   267
       Searing Ray       |     4 |    10 |    50 |    31 ||    95
       Fulminant Prism   |       |       |    25 |    38 ||    63
       Iskenderun's Myst |       |       |       |    10 ||    10
  Use: Scroll            |       |       |     3 |     6 ||     9
       Potion            |       |       |     1 |     3 ||     4
Armor: Robe              |       |       |    10 |    10 ||    20
Dodge: Dodged            |     2 |     2 |    49 |    46 ||    99
Block: Other             |       |     1 |    15 |     6 ||    22

Levels and vault maps discovered:
D:1:      scummos_arrival_hexagon, layout_basic,
          chequers_ecumenical_altar_island
D:2:      layout_loops_ring, uniq_crazy_yiuf_cottage
D:3:      layout_basic, mainiacjoe_overflow_alcove_4,
          nicolae_sif_muna_little_library, gammafunk_temple_overflow_wave,
          uniq_jessica
D:4:      layout_cave_pools, nemelex_xobeh_ov_fountains_minmay, serial_shops,
          nicolae_take_the_stairs, uniq_natasha
D:5:      layout_loops_ring, nicolae_wu_jian_immortal_techniques,
          nicolae_overflow_hidden_temple, ebering_ghost_rock_garden,
          kennysheep_generic_room_2, uniq_pikel, uniq_sigmund
D:6:      layout_rooms, amethyst_overflow_temple_binary,
          nicolae_ossuary_entry_monument, ebering_ghost_rock_garden,
          hangedman_decor_points, uniq_blork_the_orc
D:7:      layout_basic, vehumet_statue, nicolae_overflow_squiral,
          temple_doors_e, david_defended_altar_orc
D:8:      layout_loops_ring, mainiacjoe_overflow_chevrons, lair_entry_dummy,
          serial_ice, serial_ice_a, serial_ice_d, serial_ice_f, serial_ice_c,
          serial_ice_m, serial_ice_g, serial_ice_i, serial_ice_n, serial_ice_e,
          serial_ice_o, hangedman_glass_teeth, minmay_crystal_water,
          uniq_amaemon
D:9:      minmay_diamond_stairs, layout_basic, nicolae_gozag_seed_capital,
          lightli_orcish_oven
Temple:   nicolae_temple_bog_church
Lair:1:   layout_long_grid

Notes
Turn   | Place    | Note
-------+----------+-------------------------------------------
     0 | D:1      | kingofthe the Deep Elf Conjurer began the quest for the
                  | Orb.
     0 | D:1      | Reached XP level 1. HP: 10/10 MP: 6/6
   191 | D:1      | Reached XP level 2. HP: 15/15 MP: 4/8
   231 | D:1      | Learned a level 2 spell: Searing Ray
   298 | D:1      | Reached skill level 3 in Stealth
   310 | D:1      | Found a faded altar of an unknown god.
   380 | D:1      | Reached skill level 3 in Dodging
   698 | D:1      | Reached XP level 3. HP: 19/19 MP: 7/9
   895 | D:2      | Found a runed translucent door.
   896 | D:2      | Noticed Crazy Yiuf
  1601 | D:2      | Reached XP level 4. HP: 24/24 MP: 9/11
  1916 | D:3      | Reached skill level 4 in Stealth
  2146 | D:3      | Learned a level 4 spell: Fulminant Prism
  2233 | D:3      | Found a blossoming altar of Fedhas.
  2233 | D:3      | Noticed Jessica
  2239 | D:3      | Killed Jessica
  2240 | D:3      | Reached skill level 4 in Dodging
  2240 | D:3      | Reached skill level 1 in Hexes
  2332 | D:3      | Reached skill level 4 in Spellcasting
  2332 | D:3      | Reached XP level 5. HP: 18/28 MP: 4/13
  2334 | D:3      | Reached skill level 5 in Conjurations
  2454 | D:3      | Found a shimmering blue altar of Sif Muna.
  2458 | D:3      | Became a worshipper of Sif Muna the Loreminder
  2497 | D:3      | Found a broken altar of Ashenzari.
  2497 | D:3      | Found an iron altar of Okawaru.
  2550 | D:4      | Found Sefeebynk's Magic Scroll Boutique.
  2629 | D:4      | Reached skill level 5 in Stealth
  2629 | D:4      | Reached skill level 2 in Hexes
  2694 | D:4      | Noticed Natasha
  2697 | D:4      | Killed Natasha
  2698 | D:4      | Reached XP level 6. HP: 32/32 MP: 9/14
  2710 | D:4      | Noticed Natasha
  2715 | D:4      | Killed Natasha
  2737 | D:4      | Noticed Natasha
  2742 | D:4      | Killed Natasha
  2844 | D:4      | Reached skill level 3 in Hexes
  2976 | D:4      | Found a sparkling altar of Nemelex Xobeh.
  3044 | D:4      | Reached skill level 5 in Dodging
  3412 | D:5      | Entered Level 5 of the Dungeon
  3472 | D:5      | Reached XP level 7. HP: 36/36 MP: 11/16
  3579 | D:5      | Reached skill level 4 in Hexes
  3628 | D:5      | Reached skill level 6 in Stealth
  3796 | D:5      | Noticed Pikel
  4204 | D:5      | Found a glowing golden altar of the Shining One.
  4204 | D:5      | Found a snail-covered altar of Cheibriados.
  4209 | D:5      | Found a runed translucent gate.
  4210 | D:5      | Found a runed translucent gate.
  4211 | D:5      | Found a runed translucent gate.
  4213 | D:5      | Noticed LustLizard's ghost (amateur DgTm)
  4319 | D:5      | Found an ornate altar of the Wu Jian Council.
  4463 | D:5      | Reached skill level 5 in Spellcasting
  4657 | D:5      | Identified a +1 robe of the Archmagi
  4657 | D:5      | Noticed Sigmund
  4844 | D:4      | Bought a scroll of teleportation for 36 gold pieces
  4844 | D:4      | Bought a scroll of fear for 48 gold pieces
  5329 | D:5      | Killed Sigmund
  5330 | D:5      | Reached skill level 6 in Dodging
  5330 | D:5      | Reached skill level 5 in Hexes
  5410 | D:5      | Reached * piety under Sif Muna
  5593 | D:6      | Reached skill level 7 in Stealth
  5593 | D:6      | Reached XP level 8. HP: 37/41 MP: 5/18
  5594 | D:6      | Reached skill level 6 in Conjurations
  5708 | D:6      | Found a runed translucent gate.
  5738 | D:6      | Found a sand-covered staircase.
  5779 | Ossuary  | Entered an ossuary
  5945 | Ossuary  | Reached skill level 6 in Hexes
  6307 | D:6      | Noticed Blork the orc
  6323 | D:6      | Reached skill level 7 in Dodging
  6329 | D:6      | Reached ** piety under Sif Muna
  6332 | D:6      | Killed Blork the orc
  6333 | D:6      | Reached skill level 6 in Spellcasting
  6843 | D:6      | Found a stormy altar of Qazlal.
  6854 | D:6      | Found a white marble altar of Elyvilon.
  6898 | D:6      | Found a runed translucent gate.
  6898 | D:6      | Found a runed translucent gate.
  6905 | D:6      | Noticed tbole's ghost (amateur HuFi)
  7037 | D:5      | Killed Pikel
  7038 | D:5      | Reached skill level 8 in Stealth
  7038 | D:5      | Reached skill level 7 in Hexes
  7660 | D:5      | Found an ornate altar of the Wu Jian Council.
  7700 | D:5      | Found a runed translucent gate.
  7700 | D:5      | Found a runed translucent gate.
  7701 | D:5      | Found a runed translucent gate.
  7709 | D:5      | Found a snail-covered altar of Cheibriados.
  7951 | D:5      | Killed LustLizard's ghost
  7952 | D:5      | Reached skill level 7 in Spellcasting
  7952 | D:5      | Reached XP level 9. HP: 45/45 MP: 16/21
  7961 | D:5      | Found a glowing golden altar of the Shining One.
  8049 | D:2      | Killed Crazy Yiuf
  8050 | D:2      | Reached skill level 8 in Dodging
  8280 | D:7      | Reached skill level 7 in Conjurations
  8477 | D:7      | Reached skill level 9 in Stealth
  8481 | D:7      | Identified the ring of Dytide {rF+ Str+6 Int+3}
  8563 | D:7      | Found a sacrificial altar of Ru.
  8564 | D:7      | Found a shimmering altar of Xom.
  8685 | D:7      | Found a radiant altar of Vehumet.
  8826 | D:7      | Found a staircase to the Ecumenical Temple.
  8889 | Temple   | Entered the Ecumenical Temple
  9159 | D:7      | Learned a level 2 spell: Blink
  9300 | D:7      | Reached skill level 1 in Translocations
  9379 | D:7      | Reached skill level 1 in Invocations
  9795 | D:8      | Found a staircase to the Lair.
  9815 | D:8      | Reached skill level 8 in Hexes
  9815 | D:8      | Reached skill level 2 in Translocations
  9926 | D:8      | Found a bloodstained altar of Trog.
  9961 | D:8      | Reached skill level 9 in Dodging
  9961 | D:8      | Reached skill level 8 in Spellcasting
  9969 | D:8      | Noticed Amaemon
 10117 | D:8      | Reached skill level 2 in Invocations
 10125 | D:8      | Reached skill level 10 in Stealth
 10125 | D:8      | Reached skill level 3 in Translocations
 10202 | D:8      | Reached XP level 10. HP: 50/50 MP: 15/24
 10442 | D:8      | Reached *** piety under Sif Muna
 10840 | D:8      | Reached skill level 4 in Translocations
 10913 | D:8      | Reached skill level 8 in Conjurations
 11051 | D:8      | Noticed an orange demon
 11055 | D:8      | Reached skill level 3 in Invocations
 11061 | D:8      | Killed an orange demon
 11067 | D:8      | Killed Amaemon
 11068 | D:8      | Reached skill level 10 in Dodging
 11073 | D:8      | Reached skill level 11 in Stealth
 11073 | D:8      | Reached skill level 5 in Translocations
 11078 | D:8      | Learned a level 4 spell: Iskenderun's Mystic Blast
 11082 | D:8      | Learned a level 3 spell: Dazzling Flash
 11683 | D:9      | Reached skill level 9 in Spellcasting
 11683 | D:9      | Reached skill level 9 in Hexes
 11852 | D:9      | Noticed a cyclops
 11904 | Lair:1   | Entered Level 1 of the Lair of Beasts
 11978 | Lair:1   | Learned a level 5 spell: Fireball
 12140 | Lair:1   | Reached skill level 1 in Fire Magic
 12272 | Lair:1   | Noticed an elephant
 12280 | Lair:1   | Killed an elephant
 12281 | Lair:1   | Reached skill level 2 in Fire Magic
 12281 | Lair:1   | Reached XP level 11. HP: 54/54 MP: 18/26
 12288 | Lair:1   | Reached skill level 4 in Invocations
 12376 | Lair:1   | Noticed a death yak
 12419 | Lair:1   | Noticed a death yak
 12446 | Lair:1   | Noticed a death yak
 12481 | D:8      | Reached skill level 11 in Dodging
 12481 | D:8      | Reached skill level 3 in Fire Magic
 12863 | D:9      | Found an opulent altar of Gozag.
 12941 | D:9      | Reached **** piety under Sif Muna
 13283 | D:9      | Reached skill level 12 in Stealth
 13285 | D:9      | Noticed a centaur warrior
 13500 | D:9      | HP: 3/54 [centaur warrior/arrow (12)]
 13501 | D:9      | Shot with an arrow by a centaur warrior

Vanquished Creatures
  Amaemon (D:8)
  Pikel (D:5)
  2 elephants (Lair:1)
  A cane toad (D:8)
  An orange demon (D:8)
  2 polar bears (D:8)
  A troll (D:9)
  4 blink frogs (Lair:1)
  Sigmund (D:5)
  12 yaks
  A shadow (D:9)
  2 wyverns
  A vampire mosquito (D:9)
  A steam dragon (D:8)
  The ghost of LustLizard the Insei, an amateur DgTm (D:5)
  2 water moccasins
  An orc warrior (D:9)
  2 black bears
  7 ice beasts
  A sky beast (D:7)
  2 ogres
  2 wolves (D:8)
  3 centaurs
  A phantom (D:7)
  3 lemures (D:5)
  Blork the orc (D:6)
  4 bullfrogs
  2 necrophages
  4 wights (D:8)
  3 scorpions
  4 killer bees (D:8)
  2 howler monkeys (D:8)
  2 electric eels (D:8)
  A centaur zombie (Ossuary)
  4 jellies
  Crazy Yiuf (D:2)
  4 hounds
  2 gnoll boudas
  9 orc priests
  Jessica (D:3)
  Natasha (thrice) (D:4)
  An iguana (D:4)
  4 orc wizards
  A statue (D:7)
  2 centaur simulacra
  2 mummies (Ossuary)
  11 adders
  9 gnolls
  2 shadow imps
  7 white imps
  5 ufetubi
  A worm (D:2)
  2 dart slugs
  31 orcs
  7 endoplasms
  4 giant cockroaches
  3 gnoll zombies (Ossuary)
  4 goblins
  7 hobgoblins
  2 quokkas
  4 ball pythons
  6 bats (D:1)
  5 frilled lizards
  4 goblin zombies (Ossuary)
  A hobgoblin zombie (Ossuary)
  4 kobolds
  5 orc zombies (Ossuary)
  4 rats
241 creatures vanquished.

Vanquished Creatures (others)
  63 fulminant prisms
  5 fungi (Lair:1)
  2 plants (Lair:1)
70 creatures vanquished.

Grand Total: 311 creatures vanquished

Table legend: (Time is in decaauts)
 A = Elapsed time spent in this place.
 B = Non-inter-level travel time spent in this place.
 C = Inter-level travel time spent in this place.
 D = Time resting spent in this place.
 E = Time spent auto-exploring this place.
 F = Levels seen in this place.
 G = Mean time per level.
                   A        B        C        D        E       F      G
               +--------+--------+--------+--------+--------+-----+--------+
         Total |  13517 |  12876 |    641 |   2432 |   8428 |  12 | 1126.4 |
       Dungeon |  12246 |  11616 |    630 |   2059 |   7840 |   9 | 1360.7 |
        Temple |    174 |    163 |     11 |      0 |    157 |   1 |  174.0 |
          Lair |    569 |    569 |      0 |     37 |    323 |   1 |  569.0 |
       Ossuary |    526 |    526 |      0 |    336 |    107 |   1 |  526.0 |
               +--------+--------+--------+--------+--------+-----+--------+

Top non-repeatable levels by time:
     D:8: 2788 daAuts
     D:5: 2699 daAuts
     D:4: 1537 daAuts
     D:2: 1274 daAuts
     D:7: 1154 daAuts
     D:1: 761 daAuts
     D:6: 746 daAuts
     D:3: 735 daAuts
  Lair:1: 569 daAuts
     D:9: 549 daAuts
 Ossuary: 526 daAuts
  Temple: 174 daAuts

Table legend:
 A = Non-vault XP
 B = Vault XP
 C = Vault XP percentage of total XP
 D = Non-vault monster count
 E = Vault monster count
 F = Vault count percentage of total count
                 A         B        C        D         E       F
            +---------+---------+-------+---------+---------+-------
      Total |    9415 |    5791 |  38.1 |     177 |      61 |  25.6
            +---------+---------+-------+---------+---------+-------
        D:1 |      42 |       0 |   0.0 |      24 |       0 |   0.0
        D:2 |      55 |      42 |  43.3 |      16 |       1 |   5.9
        D:3 |      84 |      37 |  30.6 |      12 |       1 |   7.7
        D:4 |     388 |      36 |   8.5 |      12 |       1 |   7.7
        D:5 |     374 |    1207 |  76.3 |      21 |       4 |  16.0
        D:6 |     531 |     100 |  15.8 |      17 |       1 |   5.6
        D:7 |    1083 |     154 |  12.4 |      22 |       4 |  15.4
        D:8 |    1999 |    3602 |  64.3 |      29 |      25 |  46.3
        D:9 |    1498 |     517 |  25.7 |       9 |       8 |  47.1
     Lair:1 |    3361 |       0 |   0.0 |      15 |       0 |   0.0
    Ossuary |       0 |      96 | 100.0 |       0 |      16 | 100.0
            +---------+---------+-------+---------+---------+-------
